 Dungeon Crawl Stone Soup version 0.30-a0-4-ga7cffc901d (webtiles) character file.

Game seed: 3061106890988519337

559 bjtr the Shooter (level 7, -7/33 HPs)
             Began as a Spriggan Arcane Marksman on Aug 22, 2022.
             Killed by divine providence
             ... invoked by an orc priest
              (13 damage)
             ... on level 4 of the Dungeon.
             The game lasted 00:24:41 (3596 turns).

bjtr the Shooter (Spriggan Arcane Marksman)         Turns: 3596, Time: 00:24:44

Health: -7/33      AC:  3    Str:  6    XL:     7   Next: 9%
Magic:  2/11       EV: 19    Int: 14    God:
Gold:   122        SH:  0    Dex: 18    Spells: 3/10 levels left

rFire   . . .      SeeInvis +    a - +2 sling
rCold   . . .      Faith    .    (no shield)
rNeg    . . .      Spirit   .    c - +0 robe
rPois   .          Reflect  .    (helmet restricted)
rElec   .          Harm     .    f - +0 cloak
rCorr   .          Rampage  .    (gloves unavailable)
Will    +....                    (boots unavailable)
Stlth   ++........               (no amulet)
HPRegen 0.11/turn                (no ring)
MPRegen 0.12/turn                (no ring)

@: very quick
A: very small, no large weapons, unfitting armour, see invisible, speed 3
a: no special abilities


You were on level 4 of the Dungeon.
You visited 1 branch of the dungeon, and saw 4 of its levels.

You collected 122 gold pieces.

Inventory:

Hand Weapons
 a - a +2 sling (weapon)
 d - a +0 mace
 e - a +0 short sword
 i - a +0 dagger of speed
 o - a +0 trident of freezing
Missiles
 m - 30 stones
Armour
 c - a +0 robe (worn)
 f - a +0 cloak (worn)
Magical Staves
 l - a staff of fire
Scrolls
 g - a scroll of teleportation
 k - a scroll of identify
 p - a scroll of enchant weapon
Potions
 h - a potion of attraction


   Skills:
 + Level 1.2 Fighting
 * Level 6.1 Ranged Weapons
 * Level 4.1 Dodging
 + Level 0.5 Stealth
 + Level 2.4 Spellcasting
 * Level 5.3 Hexes
 + Level 0.2 Fire Magic


You had 3 spell levels left.
You knew the following spells:

 Your Spells              Type           Power      Damage    Failure   Level
a - Slow                  Hex            64%        N/A       2%          1
b - Inner Flame           Hex/Fire       9%         N/A       22%         3
c - Portal Projectile     Hex/Tloc       18%        N/A       22%         3

Your spell library contained the following spells:

 Spells                   Type           Power      Damage    Failure   Level
 Beastly Appendage        Tmut           2%         N/A       22%         1
 Sting                    Tmut/Pois      4%         1d3       22%         1
 Summon Guardian Golem    Hex/Summ       9%         N/A       22%         3
 Poisonous Vapours        Pois/Air       2%         N/A       34%         2
 Cause Fear               Hex            8%         N/A       26%         4
 Olgreb's Toxic Radiance  Pois           1%         N/A       92%         4
 Blade Hands              Tmut           0%         N/A       99%         5
 Orb of Destruction       Conj           0%         9d5       100%        7
 Spellforged Servitor     Conj/Summ      0%         N/A       100%        7


Dungeon Overview and Level Annotations

Branches:
Dungeon (4/15)             Temple (0/1) D:4

Altars:
Nemelex Xobeh


Innate Abilities, Weirdness & Mutations

You are very small and have problems with some larger weapons.
You are too small for most types of armour.
You have supernaturally acute eyesight. (SInv)
You cover ground extremely quickly. (Speed+++)


Message History

Confirm with . or Enter, or press ? or * to list all spells.
The spell is quite dangerous to miscast (22% risk of failure)!
Continue anyway?
Aiming: Inner Flame (quite dangerous; 22% risk of failure)
Press: ? - help, Dir - move target, f - orc priest
Aim: an orc priest, wielding a +0 flail (chance to affect: 58%)
The orc priest resists with significant effort.
Unknown command.
Fire: a) +2 sling
Press: ? - help, Shift-Dir - straight line, f/p - orc priest
Aim: an orc priest, wielding a +0 flail (64% to hit)
You shoot a sling bullet.
The sling bullet closely misses the orc priest.
The orc wizard casts a spell.
The orc wizard flickers and vanishes for a moment.
Okay, then.
Okay, then.
Fire: a) +2 sling
Press: ? - help, Shift-Dir - straight line, f/p - orc priest
Aim: an orc priest, wielding a +0 flail (64% to hit)
You shoot a sling bullet.
The sling bullet closely misses the orc priest.
The orc wizard points at you and mumbles some strange words.
The puff of flame hits you!
* * * LOW HITPOINT WARNING * * *
Fire: a) +2 sling
Press: ? - help, Shift-Dir - straight line, f/p - orc priest
Aim: an orc priest, wielding a +0 flail (64% to hit)
You shoot a sling bullet. The sling bullet hits the orc priest.
The orc priest is lightly wounded.
The orc priest looks braver for a moment.
The orc wizard points at you and mumbles some strange words.
You resist with almost no effort.
Fire: a) +2 sling
Press: ? - help, Shift-Dir - straight line, f/p - orc priest
Aim: an orc priest, wielding a +0 flail (lightly wounded, 64% to hit)
You shoot a sling bullet.
The sling bullet closely misses the orc priest.
The orc priest mumbles some strange prayers to Beogh against you.
Beogh smites you!
You die...

##.####...###.
#.............
#oo...##......
####oo....#......
##....#...........
#oo###..S.........
#'## ####......... #)#
#......... #@#
#...>..... #.+
#S........ ###
#.g..w.... #.g.......
##oo...... ##..S.....
###########.#>J.....
##.......K..K#.......
##......##.oo##.......


You could see an orc priest and an orc wizard (invisible).

Vanquished Creatures
  A phantom (D:3)
  The ghost of Setbun the Cutter, an amateur KoBr (D:3)
  3 scorpions (D:3)
  A jelly (D:4)
  An orc priest (D:4)
  A human skeleton (D:4)
  An orc wizard (D:2)
  5 adders
  A worm (D:1)
  3 dart slugs
  3 orcs
  7 bats
  5 endoplasms
  6 giant cockroaches
  6 goblins
  8 hobgoblins
  3 jackals (D:3)
  A quokka (D:3)
  6 ball pythons
  2 frilled lizards
  10 kobolds
  3 rats
78 creatures vanquished.

Notes
Turn   | Place    | Note
-------+----------+-------------------------------------------
     0 | D:1      | bjtr the Spriggan Arcane Marksman began the quest for the
                  | Orb.
     0 | D:1      | Reached XP level 1. HP: 9/9 MP: 3/3
   240 | D:1      | Reached XP level 2. HP: 14/14 MP: 3/5
   854 | D:2      | Reached XP level 3. HP: 17/17 MP: 6/6
   956 | D:2      | Reached skill level 3 in Ranged Weapons
  1575 | D:1      | Learned a level 3 spell: Inner Flame
  1612 | D:2      | Reached XP level 4. HP: 20/21 MP: 7/7
  2322 | D:3      | Reached skill level 4 in Ranged Weapons
  2483 | D:3      | Found a sparkling altar of Nemelex Xobeh.
  2746 | D:3      | Reached XP level 5. HP: 25/25 MP: 8/8
  2763 | D:3      | Found a runed translucent door.
  2763 | D:3      | Noticed Setbun's ghost (amateur KoBr)
  2771 | D:3      | Learned a level 3 spell: Portal Projectile
  2807 | D:3      | Killed Setbun's ghost
  2808 | D:3      | Reached skill level 1 in Fighting
  2808 | D:3      | Reached skill level 5 in Ranged Weapons
  2891 | D:3      | Got Sif Muna's Dissertation on the Transmuted Stinger
  2938 | D:3      | Reached XP level 6. HP: 30/30 MP: 8/10
  3269 | D:3      | Reached skill level 5 in Hexes
  3331 | D:3      | Reached skill level 6 in Ranged Weapons
  3529 | D:4      | Found a staircase to the Ecumenical Temple.
  3562 | D:4      | Reached XP level 7. HP: 16/33 MP: 11/11
  3596 | D:4      | Killed from afar by an orc priest

Illustrated notes

Levels and vault maps discovered:
D:1:      lightli_arrival_statuegarden, layout_loops_ring
D:2:      layout_rooms, serial_rivers, chequers_serial_rivers_room_a,
          chequers_serial_rivers_small_3, chequers_serial_rivers_room_b,
          chequers_serial_rivers_marsh, corexii_shack
D:3:      layout_basic, nemelex_diamond_rough_becter, ebering_ghost_inner_flame,
          minmay_ruptured
D:4:      layout_cave_pools, minmay_temple_entry_water_ring,
          nicolae_ossuary_entry_catacombs

Skill      XL: |  1  2  3  4  5  6 |
---------------+-------------------+-----
Hexes          | 4 5 |  5.3
Dodging        | 3 4 |  4.1
Ranged Weapons | 3 4 5 6 |  6.1
Fighting       | 1 |  1.2
Spellcasting   | 2 |  2.4
Stealth        | |  0.5
Fire Magic     | |  0.2

Action                   |  1- 3 |  4- 6 |  7- 9 || total
-------------------------+-------+-------+-------++-------
 Fire: Sling             |   126 |   106 |    19 ||   251
 Cast: Slow              |    42 |    13 |     1 ||    56
       Inner Flame       |       |     6 |     3 ||     9
  Use: Scroll            |       |     7 |       ||     7
Armor: Robe              |       |     3 |       ||     3
Dodge: Dodged            |    24 |    49 |     7 ||    80

Table legend: (Time is in decaauts)
 A = Elapsed time spent in this place.
 B = Non-inter-level travel time spent in this place.
 C = Inter-level travel time spent in this place.
 D = Time resting spent in this place.
 E = Time spent auto-exploring this place.
 F = Levels seen in this place.
 G = Mean time per level.
                   A        B        C        D        E       F      G
               +--------+--------+--------+--------+--------+-----+--------+
         Total |   2728 |   2631 |     97 |    641 |   1135 |   4 |  682.0 |
       Dungeon |   2728 |   2631 |     97 |    641 |   1135 |   4 |  682.0 |
               +--------+--------+--------+--------+--------+-----+--------+

Top non-repeatable levels by time:
     D:1: 1045 daAuts
     D:3: 881 daAuts
     D:2: 643 daAuts
     D:4: 158 daAuts
